AoeStats
← SIN_Crowo

African Clearing

505713326Analyzed
4v4 RM · 22d ago on Sep 10, 2026· 49m 2s· 8 players
Game mode
Random Map
Map size
Large (8 player)
Population
200
Speed
Normal
Resources
Standard
Victory
Conquest
Starting age
Dark Age
Ending age
Imperial Age
RankedLock teamsTeams togetherTeam positionsShared explorationLock speedFull tech treeHidden civsTurbo modeCheats
Victory
Defeat
🇫🇷 Teutons · France
856
+14
🇪🇸 Muisca · Spain
843
+15
🇸🇰 Goths · Slovakia
807
+16
🇧🇷 Japanese · Brazil
802
+16
🇩🇪 Romans · Germany
848
-16
🇩🇪 Malians · Germany
827
-16
🇩🇪 Spanish · Germany
811
-15
🇩🇪 Franks · Germany
777
-18
Mighty_Gachiman「兄貴」
5:15 Loom
19:56 Feudal Age
20:01 Man-at-Arms
22:49 Wheelbarrow
22:02 Double-Bit Axe
25:38 Scale Mail Armor
25:49 Forging
25:45 Scale Barding Armor
25:48 Gold Mining
35:18 Castle Age
36:07 Squires
35:28 Long Swordsman
38:18 Hand Cart
38:49 Chain Mail Armor
39:09 Pikeman
41:07 Town Watch
41:36 Bow Saw
41:13 Horse Collar
45:12 Town Patrol
45:17 Heavy Plow
45:11 Stone Mining
45:28 Anarchy
48:43 Caravan
Skygougui
6:43 Loom
13:27 Feudal Age
18:18 Castle Age
26:41 Wheelbarrow
30:49 Horse Collar
36:11 Hand Cart
35:30 Pikeman
36:23 Forging
36:13 Scale Mail Armor
36:40 Heavy Plow
36:39 Town Watch
38:05 Crossbowman
40:03 Iron Casting
39:44 Chain Mail Armor
46:22 Imperial Age
45:03 Fletching
45:13 Padded Archer Armor
46:25 Elite Teutonic Knight
47:28 Conscription
46:32 Cavalier
Josmalaga3
4:37 Loom
17:33 Feudal Age
17:55 Champi Runner
18:34 Horse Collar
18:46 Double-Bit Axe
18:40 Champi Runner
19:32 Gold Mining
20:08 Forging
20:01 Scale Mail Armor
27:21 Castle Age
27:14 Padded Archer Armor
27:05 Fletching
28:28 Squires
29:56 Chain Mail Armor
30:43 Wheelbarrow
30:08 Elite Skirmisher
30:55 Champi Warrior
31:53 Bow Saw
33:01 Heavy Plow
33:20 Treadmill Crane
34:58 Hand Cart
35:45 Leather Archer Armor
36:21 Herbalism
38:28 Ballistics
38:19 Masonry
39:48 Stone Mining
43:32 Stone Shaft Mining
44:01 Gold Shaft Mining
46:45 Murder Holes
46:27 Crossbowman
48:19 Guard Tower
51:22 Imperial Age
Fiscal Ricardo
11:40 Loom
16:11 Feudal Age
17:40 Double-Bit Axe
18:37 Horse Collar
21:07 Bloodlines
22:22 Man-at-Arms
35:06 Castle Age
45:17 Town Watch
47:05 Wheelbarrow
BLAZE OF GLORY
4:40 Loom
9:51 Loom
14:24 Feudal Age
15:06 Double-Bit Axe
19:35 Fletching
19:46 Padded Archer Armor
24:35 Castle Age
26:57 Ballistics
30:55 Leather Archer Armor
39:38 Wheelbarrow
44:49 Town Watch
45:51 Hand Cart
HAVE A NICE DAY
5:01 Loom
19:29 Feudal Age
20:08 Horse Collar
20:24 Horse Collar
25:30 Wheelbarrow
29:29 Double-Bit Axe
31:45 Man-at-Arms
40:33 Castle Age
40:13 Forging
40:04 Scale Mail Armor
40:36 Long Swordsman
41:59 Iron Casting
41:31 Scale Barding Armor
41:54 Bow Saw
41:53 Heavy Plow
43:13 Chain Mail Armor
44:00 Gambesons
47:02 Hand Cart
SIN_Crowo
20:50 Feudal Age
22:18 Double-Bit Axe
30:15 Castle Age
31:38 Gold Mining
31:39 Stone Mining
33:30 Pikeman
35:37 Wheelbarrow
35:31 Bow Saw
36:00 Gold Shaft Mining
41:28 Imperial Age
40:17 Hand Cart
45:48 Scale Barding Armor
45:44 Scale Mail Armor
45:10 Cavalier
45:12 Elite Throwing Axeman
47:02 Paladin
Siggos
7:27 Loom
14:51 Feudal Age
20:52 Castle Age
19:32 Scale Barding Armor
21:21 Man-at-Arms
22:03 Squires
23:24 Forging
23:26 Scale Mail Armor
26:02 Long Swordsman
34:03 Chain Mail Armor
34:07 Fletching
42:44 Town Watch
44:25 Iron Casting
46:51 Bodkin Arrow
48:09 Wheelbarrow
Connection lost

Rejoining the realm…

Still unreachable

The connection could not be restored.

Session expired

The server has moved on; the page needs a fresh start.